Map: Dreamcatcher LE

Players

SLicKcHeeZEE - Winner!

  • Race: Zerg Zerg

A.I. 1 (Very Hard)

  • Race: Terran Terran

VOD

Have the link to the VOD?

Description

Time

  • Played on: Sept. 3, 2026, 12:14 a.m.
  • Length: 18:39
Show
View Real Time Build Order
Export as new Build Order

SLicKcHeeZEE Zerg - Winner!

Build Orders: Hatch First, Roach Hydra 

Get SALT Encoding   

  8  0:01  Drone  
  9  0:12  Drone  
  10  0:16  Drone  
  11  0:28  Overlord  
  11  0:33  Drone  
  12  0:46  Drone x2  
  14  0:54  Drone  
  15  1:15  Hatchery  
  15  1:17  Drone  
  15  1:20  Drone  
  16  1:36  Spawning Pool  
  15  1:40  Extractor  
  15  1:43  Drone  
  15  1:46  Drone  
  16  1:49  Drone  
  16  1:54  Drone  
  18  2:04  Overlord  
  18  2:14  Drone  
  19  2:23  Queen  
  19  2:29  Queen  
  23  2:33  Drone  
  24  2:37  Drone  
  24  2:43  Overlord  
  25  2:47  Drone  
  25  2:50  Drone  
  27  2:53  Drone  
  27  2:57  Drone  
  29  3:00  Drone  
  30  3:12  Lair  
  30  3:17  Roach Warren  
  29  3:23  Extractor  
  29  3:25  Drone  
  29  3:26  Drone  
  30  3:30  Overlord  
  30  3:31  Drone  
  30  3:33  Drone  
  32  3:36  Drone  
  32  3:38  Drone  
  34  3:44  Drone x2  
  34  3:45  Drone  
  37  3:57  Roach x3  
  37  3:59  Roach  
  45  4:03  Overlord  
  45  4:19  Hydralisk Den  
  44  4:33  Extractor  
  44  4:35  Hatchery  
  44  4:36  Evolution Chamber  
  41  4:38  Evolution Chamber  
  40  4:49  Hydralisk x2  
  40  4:51  Hydralisk  
  46  4:56  Drone x3  
  46  4:59  Drone x4  
  53  5:00  Drone  
  53  5:02  Overlord  
  54  5:07  Grooved Spines  
  54  5:11  Glial Reconstitution  
  54  5:21  Queen  
  56  5:40  Extractor  
  56  5:41  Drone x3  
  56  5:42  Drone  
  59  5:44  Zerg Missile Weapons Level 1  
  59  5:45  Zerg Ground Armor Level 1  
  59  5:53  Drone  
  59  5:54  Drone x2  
  59  5:57  Roach x3  
  68  5:58  Overlord  
  68  6:34  Drone x3  
  68  6:37  Overlord x2  
  71  6:51  Hydralisk x2  
  75  6:58  Roach x2, Hydralisk x2  
  75  6:59  Roach  
  85  7:04  Muscular Augments  
  85  7:05  Hydralisk  
  85  7:06  Hydralisk x2  
  85  7:08  Overlord x2  
  91  7:09  Overlord  
  91  7:25  Extractor  
  91  7:26  Queen, Extractor  
  91  7:38  Hatchery  
  90  7:52  Zerg Ground Armor Level 2  
  90  7:54  Zerg Missile Weapons Level 2  
  90  7:56  Hydralisk x2  
  90  7:57  Hydralisk  
  96  8:00  Roach x3, Hydralisk x2  
  96  8:01  Overlord x2  
  106  8:33  Drone  
  106  8:34  Drone x2  
  109  8:35  Overlord x2  
  109  8:47  Roach x3  
  109  8:48  Hydralisk x2  
  115  8:49  Roach  
  115  8:50  Roach x2  
  115  8:51  Hydralisk x2  
  129  9:22  Ravager x2  
  129  9:23  Ravager  
  94  10:11  Roach x3, Hydralisk x2  
  94  10:12  Hydralisk x2, Roach x2  
  94  10:13  Roach x4, Hydralisk x2  
  124  10:14  Hydralisk x2, Roach x3  
  124  10:15  Hydralisk x2, Roach x3  
  124  10:16  Hydralisk, Roach x3  
  152  10:34  Overlord x2  
  152  10:35  Overlord  
  152  10:41  Overlord x2  
  152  11:02  Roach x3, Hydralisk x2  
  152  11:04  Hydralisk x3, Roach x3  
  166  11:05  Roach x3  
  180  11:24  Drone x3  
  183  11:26  Overlord  
  183  11:45  Ravager x3  
  183  11:46  Ravager  
  187  11:47  Ravager  
  149  13:48  Hydralisk x15  
  84  13:49  Hydralisk x5  
  84  13:51  Roach x12  
  84  13:52  Roach x13  
  148  14:45  Roach  
  148  14:46  Roach x2, Hydralisk x2  
  148  14:47  Hydralisk x3, Roach x3  
  148  14:48  Hydralisk x2, Roach x4  
  148  14:49  Roach x3  
  186  15:27  Ravager x5  
  119  16:35  Hydralisk x13  
  119  16:36  Hydralisk x14  
Show
View Real Time Build Order
Export as new Build Order

A.I. 1 (Very Hard) Terran 

Build Orders:  

Get SALT Encoding   

  8  0:00  SCV  
  9  0:13  SCV  
  10  0:25  SCV  
  11  0:37  SCV  
  12  0:46  Supply Depot  
  12  0:49  SCV  
  13  1:07  SCV  
  14  1:11  Barracks  
  14  1:19  SCV  
  15  1:31  SCV  
  16  1:43  SCV  
  17  1:53  Supply Depot  
  17  1:56  SCV  
  17  1:58  Marine  
  17  1:59  Refinery  
  19  2:08  SCV  
  20  2:16  Marine  
  20  2:20  SCV  
  20  2:21  Barracks  
  22  2:30  Refinery  
  22  2:32  SCV  
  22  2:34  Marine  
  24  2:44  SCV  
  24  2:46  Supply Depot  
  25  2:51  Marine  
  25  2:56  SCV  
  27  3:08  SCV  
  27  3:09  Marine  
  27  3:10  Factory  
  29  3:17  Marine  
  30  3:20  SCV  
  31  3:27  Marine  
  31  3:32  SCV  
  33  3:34  Marine  
  34  3:44  SCV  
  34  3:45  Marine  
  36  3:57  SCV  
  36  3:58  Supply Depot  
  37  4:12  Factory Tech Lab  
  37  4:19  Marine x2  
  37  4:20  SCV  
  37  4:23  Starport  
  40  4:32  SCV  
  40  4:37  Marine x2  
  43  4:44  SCV  
  44  4:56  SCV, Barracks  
  44  4:57  Supply Depot  
  45  5:17  Barracks Tech Lab  
  45  5:19  SCV  
  46  5:22  Supply Depot  
  46  5:26  Barracks Reactor, Medivac  
  48  5:31  SCV  
  48  5:34  Command Center, Stimpack  
  48  5:35  Marine  
  50  5:44  Orbital Command  
  50  5:51  Barracks Tech Lab  
  50  5:53  Marauder  
  50  5:56  Medivac  
  54  6:01  Supply Depot  
  54  6:02  Marine  
  55  6:06  Marine  
  55  6:09  Combat Shield, Marauder  
  58  6:14  Engineering Bay  
  58  6:15  Marauder  
  60  6:27  Supply Depot  
  60  6:31  Marauder  
  62  6:36  Marauder  
  64  6:42  Terran Infantry Weapons Level 1  
  64  6:45  Engineering Bay  
  64  6:47  SCV  
  65  6:48  SCV  
  65  6:52  Marauder  
  68  6:57  Marauder  
  68  6:59  SCV  
  72  7:01  SCV  
  72  7:11  SCV, Terran Infantry Armor Level 1  
  72  7:13  SCV  
  72  7:14  Marauder  
  76  7:17  Concussive Shells  
  76  7:19  Marauder  
  78  7:23  SCV  
  78  7:26  Supply Depot, Orbital Command  
  79  7:32  Missile Turret  
  79  7:34  Missile Turret  
  79  7:35  SCV, Marauder  
  82  7:40  Marauder  
  84  7:47  SCV  
  84  7:51  Barracks  
  85  7:52  Supply Depot  
  85  7:53  SCV  
  85  7:56  Starport Reactor, Marauder  
  88  7:59  SCV  
  88  8:02  Marine  
  88  8:04  Marine  
  88  8:05  SCV  
  91  8:07  Marine  
  91  8:11  SCV  
  93  8:17  Supply Depot, SCV, Marine  
  95  8:26  Marauder  
  97  8:27  Missile Turret  
  97  8:32  Viking, Medivac  
  101  8:36  Marauder  
  101  8:41  Supply Depot  
  103  8:47  Marauder  
  105  8:56  Missile Turret  
  105  8:57  Marauder, Command Center  
  105  9:02  Medivac, Viking  
  111  9:06  Supply Depot  
  111  9:19  Refinery  
  111  9:24  Missile Turret  
  111  9:28  Armory  
  111  9:30  Marine x2  
  111  9:31  Marine, Viking  
  111  9:32  Marine x2  
  92  9:41  Refinery  
  66  9:48  Marine x2  
  66  9:49  Marine  
  66  9:50  Marine x2  
  71  9:57  Siege Tank  
  74  10:04  SCV x2  
  74  10:06  Marine x2  
  74  10:07  Marine  
  78  10:08  Marine, Marauder  
  78  10:09  SCV  
  83  10:16  SCV  
  83  10:17  Terran Infantry Weapons Level 2  
  83  10:19  SCV  
  85  10:21  SCV  
  85  10:23  Marine  
  85  10:24  Marine x2  
  85  10:25  Marine  
  85  10:28  Refinery, SCV  
  91  10:29  Marauder, Siege Tank  
  91  10:31  SCV  
  91  10:33  SCV  
  98  10:40  SCV  
  98  10:41  Marine  
  100  10:43  Marauder, SCV  
  100  10:45  SCV  
  100  10:48  Missile Turret  
  100  10:49  Medivac  
  106  10:51  Marauder  
  106  10:52  SCV  
  106  10:54  Medivac  
  106  10:56  SCV  
  112  10:57  Missile Turret, SCV  
  112  10:58  Marine  
  112  11:01  Siege Tank  
  117  11:04  Marauder, SCV  
  117  11:10  Orbital Command, Supply Depot, SCV  
  121  11:14  Marauder  
  121  11:16  SCV  
  124  11:19  Viking  
  124  11:22  SCV  
  124  11:24  Viking  
  131  11:26  Marauder  
  131  11:34  Siege Tank  
  131  11:35  Factory, Marauder  
  131  11:37  Supply Depot  
  136  11:42  Starport, Command Center  
  138  11:47  Marauder, Hi-Sec Auto Tracking  
  138  11:49  Viking  
  140  11:55  Barracks  
  140  11:56  Marauder  
  140  12:00  Supply Depot  
  142  12:03  Marine  
  142  12:04  Marine, Barracks Tech Lab  
  146  12:08  Marauder  
  146  12:11  Hellion  
  146  12:12  Refinery  
  148  12:18  Marauder, Starport Tech Lab, Hellion  
  148  12:21  Marine  
  153  12:25  Supply Depot, Infernal Pre-Igniter  
  153  12:33  Siege Tank, Neosteel Armor, Marauder x2  
  153  12:34  Factory  
  153  12:36  Missile Turret  
  160  12:39  Marauder  
  160  12:40  Hellion  
  164  12:46  Raven  
  164  12:47  Supply Depot  
  166  12:55  Marauder  
  167  13:02  Factory Tech Lab  
  167  13:05  Marauder, Hellion  
  170  13:09  Marauder  
  170  13:10  Supply Depot  
  172  13:13  Missile Turret  
  172  13:14  Missile Turret  
  172  13:18  Widow Mine  
  174  13:20  Siege Tank  
  174  13:21  Raven  
  174  13:25  Supply Depot  
  174  13:30  Siege Tank  
  174  13:31  SCV x2  
  159  13:35  Marine  
  159  13:36  Marine  
  159  13:38  Marine  
  159  13:40  Marine  
  137  13:43  SCV x2  
  137  13:45  Hellion  
  124  13:52  Cyclone  
  124  13:54  Terran Vehicle Weapons Level 1  
  121  13:55  SCV  
  121  13:56  SCV  
  125  14:02  Hellion  
  125  14:05  Command Center  
  125  14:07  Hellion, SCV  
  128  14:20  Refinery  
  130  14:24  Hellion, Armory  
  130  14:25  Hellion  
  132  14:35  Hellion  
  134  14:42  Marine  
  134  14:44  Missile Turret  
  137  14:45  Hellion  
  137  14:46  Cyclone  
  140  14:56  Widow Mine  
  142  15:01  Terran Infantry Weapons Level 3  
  142  15:05  Missile Turret  
  142  15:07  Medivac, Widow Mine  
  146  15:12  Terran Vehicle And Ship Armor Level 1  
  146  15:16  Medivac  
  146  15:18  Widow Mine  
  150  15:31  Orbital Command  
  150  15:32  Medivac  
  152  15:36  Factory  
  152  15:39  Factory Tech Lab  
  152  15:40  Siege Tank  
  152  15:42  Hellion  
  157  15:51  Command Center  
  157  15:53  Marauder  
  157  15:56  Marauder  
  161  15:59  Raven  
  161  16:02  Medivac  
  163  16:07  Marine  
  163  16:10  Marine  
  165  16:13  Medivac  
  165  16:17  Marauder  
  169  16:20  Marauder  
  48  16:48  Marine  
  43  16:58  Marine  
  33  17:05  Marine  
  26  17:16  Marine  
  26  17:21  Marine  
  28  17:25  Marine  
  28  17:33  Marine  
  28  17:35  Marine x3, SCV x2  
  23  17:39  Marine  
Tags
 
Add a new tag
Caveats
  • Supply blocks, unpowered buildings, or Contaminate may cause inaccurate times.
  • Supply counts are checked every 10 seconds.